← All builds
Pond / Armada / Economy first / OBSERVED BUILD

Standard pond

Armada Pond build order · Supreme Isthmus

Pond's usual economy-first play: Bot Lab around 5:35, boosting the fronts with tidal/wind, then Advanced Metal Extractor and T1 units to help front.

#eco #team support · 492 distinct matches · 109 players · 60% of Armada Pond games · team won 49% of 560 · Recently observed

HOW TO PLAY IT

Key timing: Bot Lab by 5:42

  1. Open tidal, then wind to start boosting front's economy.
  2. Take mex and keep boosting wind or tidal depending on front's needs.
  3. Get a Bot Lab up, start sending Tick and Pawn to front.
  4. Add Advanced Metal Extractor to scale up team's economy.
  5. Switch to tick spam if enemy reaches T2 front before you do.

Phase by phase

TYPICAL OF ITS 492 GAMES
  1. 1
  2. 2
PLAY THE OPENING

Follow the example game's first 6:00 step by step: what to build now, what comes next, and where it goes. At 1× it keeps pace with your own game.

  1. 1

    Up to the Bot Lab

    Economy
    • Metal Extractor4Mex
    • Wind Turbine10Wind
    • Tidal Generator8Tidalfor allies
    • Tidal Generator1Tidal
    • Energy Storage1Energy storage
    Order
    1. Bot LabBot Lab after 4 mex, 10 wind, 1 energy storagedone ~5:36, middle half 3:31–7:01

    Some games also: converter (45%)

    By 5:05 in all: 4 mex · 10 wind · 1 tidal · 1 energy storage

    The example game in this phase · 5 steps
    1. Tidal ×8for Suicide front
    2. Tidal ×2
    3. Energy storage
    4. Mex ×4
    5. Bot LabBot Labdone 3:04 · typical 5:36
  2. 2

    Bot Lab to 10:00

    Economy
    • Wind Turbine16Wind
    Builders
    • Construction Turret1 Con turret
    • Construction Bot2 Con bot
    Army
    • Tick1 Tick

    Some games also: Lazarus (47%) · converter (45%)

    By 10:00 in all: 4 mex · 31 wind · 1 tidal · 5 converter · 1 energy storage · 2 con turret

    The example game in this phase · 111 steps
    1. LazarusLazarus
    2. Construction BotCon bot ×2
    3. Wind ×2
    4. Con turret
    5. SentrySentry
    6. Bot LabBot Labdone 5:56
    7. Wind ×3
    8. LazarusLazarus
    9. Wind ×3
    10. LazarusLazarus
    11. Wind
    12. LazarusLazarus
    13. Converter
    14. LazarusLazarus
    15. Construction BotCon bot
    16. Converter
    17. Wind
    18. Construction BotCon bot
    19. LazarusLazarus
    20. Wind
    21. LazarusLazarus
    22. Wind ×2
    23. LazarusLazarus
    24. Wind
    25. Advanced Metal ExtractorT2 mexdone 8:00 · typical 9:54
    26. Wind
    27. LazarusLazarus
    28. Wind
    29. SentrySentry
    30. Converter ×2
    31. LazarusLazarus
    32. Advanced Metal ExtractorT2 mex
    33. Wind
    34. LazarusLazarus
    35. Wind ×2
    36. LazarusLazarus
    37. Wind ×2
    38. LazarusLazarus
    39. Wind
    40. LazarusLazarus
    41. Wind
    42. Converter
    43. LazarusLazarus
    44. Advanced Metal ExtractorT2 mex
    45. Converter
    46. LazarusLazarus
    47. Wind
    48. LazarusLazarus
    49. Wind ×2
    50. LazarusLazarus
    51. Wind
    52. LazarusLazarus
    53. Wind ×3
    54. PawnPawn
    55. CenturionCenturion
    56. Converter ×2
    57. CenturionCenturion
    58. Wind ×3
    59. CenturionCenturion
    60. Advanced Metal ExtractorT2 mex
    61. Wind
    62. Con turret
    63. Wind
    64. CenturionCenturion
    65. Wind
    66. CenturionCenturion
    67. Wind
    68. Converter
    69. CenturionCenturion
    70. Converter
    71. Wind
    72. LazarusLazarus
    73. Con turret
    74. Wind ×2
    75. LazarusLazarus
    76. Wind
    77. Con turret
    78. Wind ×2
    79. Con turret
    80. LazarusLazarus
    81. Con turret
    82. Converter ×2
    83. Con turret
    84. LazarusLazarus
    85. Wind
    86. Con turret
    87. CenturionCenturion
    88. Wind
    89. Con turret
    90. Wind
    91. CenturionCenturion
    92. Wind
    93. CenturionCenturion
    94. Wind
    95. CenturionCenturion
    96. Advanced Bot LabAdvanced Bot Labdone 13:52
    97. CenturionCenturion
    98. Wind
    99. Fusion ReactorFusiondone 14:58
    100. Wind
    101. Converter
    102. Energy storage
    103. SharpshooterSniper botdone 14:20
    104. Converter
    105. Mex
    106. Con turret
    107. Wind ×2
    108. SharpshooterSniper bot
    109. Wind ×3
    110. SharpshooterSniper bot
    111. Wind

Counts are medians over the build's games: half of them build more, half fewer. The example game is OldSpanker's (51 OS, 01/09/2026); pick another.

Team trades

IN AT LEAST 30% OF ITS GAMES

You hand over

  • Tidal Generator8 Tidal to Suicide front or Frontfirst at 0:10 · in 90% of games

You get

  • Hercules1 Light transport from Air or Techfirst at 4:26 · in 30% of games
  • Hephaestus1 Heavy transport from Air or Techfirst at 4:43 · in 38% of games
  • Fatboy1 Fatboy from Techfirst at 5:03 · in 40% of games
  • Sharpshooter2 Sniper bot from Techfirst at 5:16 · in 42% of games
  • Advanced Construction Bot1 T2 con bot from Techfirst at 8:17 · in 93% of games

How it plays out

Typical game of this build, running totals by minute

Metal produced

010k20k
0:005:0010:0015:00

metal

Enemy metal destroyed

02k4k6k
0:005:0010:0015:00

metal

Own metal lost

02k4k
0:005:0010:0015:00

metal

560 games.

Show as table
ByMetal produced: This buildEnemy metal destroyed: This buildOwn metal lost: This build
1:0011500
2:0027300
3:0082000
4:00151000
5:00223100
6:00298500
7:0038494570
8:0047571239134
9:0057151964370
10:0069142772714
11:00841732701152
12:001038035821584
13:001269541901941
14:001506347542420
15:001770153163019
WHAT THE NUMBERS SAY

This is the role's standard support job, winning slightly under half its games while contributing modest kills for modest losses.

  • + Keeps own losses fairly low relative to kills (2827 destroyed vs 756 lost by 10:00).
  • + Reaches T2 constructor reliably (89% of games) by 8:10.
  • − Metal production trails other roles at 6855 by 10:00.
  • − No kills registered by 5:00, slow to impact the fight.
THE EXAMPLE YOU ARE READING

OldSpanker

50.6 OS · 01/09/2026

Open source match ↗

6 received units · includes a constructor
722 metal received · 74495 energy received

Allied construction assistance is unknown. Timings are observations, not a promise of solo reproducibility.

Typical milestones

Bot Lab5:36Middle 50%: 3:31–7:01 · n=503
Advanced Metal Extractor9:54Middle 50%: 8:59–10:38 · n=508

Played most by

Viltrum45games of this buildTeaner39games of this buildUsurpeR28games of this buildzeus_on_god23games of this buildRogShotz20games of this build